AoeStats
← [ KOF ] M. Kowalski

Nomad

506483774Analyzed
2v2 RM · 17d ago on Sep 13, 2026· 26m 10s· 4 players
Game mode
Random Map
Map size
176×176
Population
200
Speed
Normal
Resources
Standard
Victory
Conquest
Starting age
Dark Age
Ending age
Imperial Age
RankedLock teamsTeams togetherTeam positionsShared explorationLock speedFull tech treeHidden civsTurbo modeCheats
Victory
Defeat
🇲🇽 Persians · Mexico
1342
+12
🇦🇷 Italians · Argentina
1321
+13
🇨🇭 Persians · Switzerland
1303
-14
🇨🇭 Dravidians · Switzerland
1211
-11
Syncopath
13:44 Feudal Age
16:33 Fletching
22:50 Castle Age
22:03 Scale Barding Armor
22:11 Bloodlines
25:25 Forging
WiTcH_DocTaH_88
5:42 Loom
13:27 Feudal Age
13:55 Double-Bit Axe
25:24 Castle Age
26:27 Wheelbarrow
[ KOF ] M. Kowalski
4:58 Loom
11:55 Feudal Age
16:36 Castle Age
15:16 Fletching
23:52 Bodkin Arrow
KOF ChavaAzcona
4:57 Loom
13:44 Feudal Age
14:59 Fishing Lines
18:26 Castle Age
17:54 Fletching
19:18 Medium Warships
19:28 Double-Bit Axe
19:46 Bodkin Arrow
20:54 Gillnets
24:37 Horse Collar
26:20 Bow Saw
27:19 Wheelbarrow
Connection lost

Rejoining the realm…

Still unreachable

The connection could not be restored.

Session expired

The server has moved on; the page needs a fresh start.